 Seeded DCSS version 0.30-a0-424-g7412bad402 (webtiles) character file.

Game seed: 2672040522805985899 (custom seed)

472 innerfire433 the Trooper (level 6, 0/49 HPs)
             Began as a Demonspawn Monk on Dec 10, 2022.
             Was an Initiate of Ashenzari.
             Slain by a hound (2 damage)
             ... on level 4 of the Dungeon.
             The game lasted 00:05:25 (2563 turns).

innerfire433 the Trooper (Demonspawn Monk)          Turns: 2563, Time: 00:05:26

Health: 0/49       AC: 13    Str: 13    XL:     6   Next: 83%
Magic:  6/6        EV:  7    Int: 11    God:    Ashenzari [......]
Gold:   195        SH:  0    Dex: 16    Spells: 5/5 levels left

rFire   . . .      SeeInvis +    l - +10 dagger "Buwuc" {venom, rC+}
rCold   + . .      Faith    .    (no shield)
rNeg    . . .      Spirit   .    d - +2 plate armour
rPois   .          Reflect  .    (no helmet)
rElec   .          Harm     .    (no cloak)
rCorr   +          Rampage  .    (no gloves)
Will    .....                    (no boots)
Stlth   ..........               (no amulet)
HPRegen 0.28/turn                h - ring of resist corrosion
MPRegen 0.10/turn                i - ring of see invisible

@: no status effects
A: sturdy frame 2, demonic magic 1
a: Renounce Religion, Curse Item


You were on level 4 of the Dungeon.
You worshipped Ashenzari.
Ashenzari was noncommittal.
You visited 1 branch of the dungeon, and saw 4 of its levels.

You collected 195 gold pieces.

Inventory:

Hand Weapons
 a - a +0 short sword
 l - the +10 dagger "Buwuc" (weapon) {venom, rC+}
   (You found it on level 2 of the Dungeon)

   It poisons the flesh of those it strikes.
   rC:        It protects you from cold.
Armour
 b - a +0 robe
 d - a +2 plate armour (worn)
 m - a scarf of harm
Jewellery
 h - a ring of resist corrosion (left hand)
 i - a ring of see invisible (right hand)
Scrolls
 f - a scroll of silence {unknown}
 g - a scroll of immolation {unknown}
 k - 2 scrolls of teleportation
 n - a scroll of identify
 o - a scroll of brand weapon {unknown}
 p - a scroll of torment {unknown}
Potions
 c - a potion of ambrosia
 e - 2 potions of heal wounds
 j - a potion of flight {unknown}


   Skills:
 + Level 4.6 Fighting
 + Level 4.2 Short Blades
 * Level 3.9 Armour
 - Level 3.1 Dodging
 - Level 2.3 Stealth


You had 5 spell levels left.
You didn't know any spells.
Your spell library contained the following spells:

 Spells                   Type           Power      Damage    Failure   Level
 Ignite Poison            Fire/Tmut/Pois 0%         N/A       100%        3
 Sticky Flame             Conj/Fire      0%         2d3       100%        4
 Ignition                 Fire           0%         3d3       100%        8


Dungeon Overview and Level Annotations

Branches:
Dungeon (4/15)
 Temple: D:4-7

Altars:
Ashenzari
Ru
Sif Muna


Innate Abilities, Weirdness & Mutations

Your movements are less encumbered by armour. (ER -4)
Spells you cast may paralyse adjacent enemies.


Message History

The endoplasm is almost dead.
The endoplasm hits you.
You hit the endoplasm.
You kill the endoplasm!
The hound barks!
You puncture the necrophage!
The necrophage is moderately damaged.
The necrophage barely misses you.
You completely miss the necrophage.
The necrophage is moderately damaged.
The necrophage hits you but does no damage.
You hit the necrophage.
The necrophage is heavily damaged.
You puncture the necrophage!
The necrophage is almost destroyed.
The necrophage hits you but does no damage.
You hit the necrophage.
The necrophage is almost destroyed.
The necrophage hits you but does no damage.
You puncture the necrophage!
You destroy the necrophage!
You puncture the orc!
You kill the orc!
The giant cockroach waves its antennae.
The ogre barely misses you.
You barely miss the hound. The hound bites you but does no damage.
You hit the ogre.
The ogre is poisoned.
The ogre is lightly wounded.
The hound bites you but does no damage.
The ogre hits you with a +0 giant club!!
Ouch! That really hurt!
* * * LOW HITPOINT WARNING * * *
You puncture the ogre!
The ogre is severely wounded.
The hound closely misses you.
You puncture the ogre!
The ogre looks as sick as possible!
The ogre is almost dead.
You kill the ogre!
The hound bites you.
You die...

#. ..h #.. /#.##..
..# .....B #.# #....
#.# .... #.###### #..
#....?.##
.##.#wh###..)....####
.....ogh@)..)........
##....###..†.)....###
..... #.........#
##.. #.........# ##
#........!#
##.......##
.........#
#.........#
#.........#


You could see a worm, a hound, an orc, a jackal and a goblin.

Vanquished Creatures
  Sigmund (D:2)
  An ogre (D:4)
  A necrophage (D:4)
  A hound (D:3)
  An orc priest (D:4)
  2 iguanas (D:4)
  4 gnolls (D:4)
  An adder (D:3)
  6 worms
  2 dart slugs
  11 orcs
  4 bats
  5 endoplasms
  4 giant cockroaches
  4 goblins
  3 hobgoblins
  7 jackals
  A quokka (D:2)
  6 ball pythons
  4 frilled lizards
  3 kobolds
  5 rats
77 creatures vanquished.

Notes
Turn   | Place    | Note
-------+----------+-------------------------------------------
     0 | D:1      | innerfire433 the Demonspawn Monk began the quest for the
                  | Orb.
     0 | D:1      | Reached XP level 1. HP: 18/18 MP: 1/1
   139 | D:1      | Gained mutation: Your movements are slightly less
                  | encumbered by armour. (ER -2) [demonic ancestry]
   139 | D:1      | Reached XP level 2. HP: 5/24 MP: 2/2
   818 | D:2      | Found a faded altar of an unknown god.
   858 | D:2      | Prayed at the altar of an unknown god.
   858 | D:2      | Became a worshipper of Ashenzari the Shackled
   913 | D:2      | Gained mutation: Your movements are less encumbered by
                  | armour. (ER -4) [demonic ancestry]
   913 | D:2      | Reached XP level 3. HP: 28/29 MP: 3/3
  1070 | D:2      | Identified the +0 helmet of Beogh's Regard {Rampage rElec
                  | Int+2 Dex+6}
  1268 | D:2      | Identified the +10 dagger "Buwuc" {venom, rC+}
  1672 | D:2      | Noticed Sigmund
  1679 | D:2      | Killed Sigmund
  1680 | D:2      | Reached XP level 4. HP: 28/37 MP: 4/4
  1680 | D:2      | Gained mutation: Spells you cast may paralyse adjacent
                  | enemies. [demonic ancestry]
  1680 | D:2      | Reached XP level 5. HP: 32/42 MP: 5/5
  1924 | D:3      | Found a faded altar of an unknown god.
  2214 | D:3      | Found a shimmering blue altar of Sif Muna.
  2291 | D:3      | Found a sacrificial altar of Ru.
  2353 | D:3      | Reached XP level 6. HP: 48/48 MP: 6/6
  2561 | D:4      | HP: 2/49 [ogre/+0 giant club (25)]
  2563 | D:4      | Slain by a hound

Illustrated notes

Levels and vault maps discovered:
D:1:      psy_arrival_radial02, layout_rooms
D:2:      layout_basic, ebering_ecumenical_altar_mist, grunt_decor_clamped,
          uniq_sigmund
D:3:      layout_basic, nicolae_overflow_ecumenical_swirl,
          mainiacjoe_overflow_large_starburst
D:4:      layout_rooms, grunt_temple_overflow_growth_and_decay,
          minmay_temple_entry_ruins, minmay_manual_monstrance, uniq_ijyb

Skill      XL: |  1  2  3  4  5  6 |
---------------+-------------------+-----
Stealth        | 2 |  2.3
Dodging        | 3 |  3.1
Short Blades   | 3 4 |  4.2
Fighting       | 4 |  4.6
Armour         | 2 3 |  3.9

Action                   |  1- 3 |  4- 6 || total
-------------------------+-------+-------++-------
Melee: Short sword       |   161 |       ||   161
       Dagger            |    17 |    94 ||   111
  Use: Scroll            |     4 |       ||     4
       Potion            |       |     1 ||     1
Armor: Robe              |     4 |       ||     4
       Plate armour      |    76 |    43 ||   119
Dodge: Dodged            |    60 |    23 ||    83

Table legend: (Time is in decaauts)
 A = Elapsed time spent in this place.
 B = Non-inter-level travel time spent in this place.
 C = Inter-level travel time spent in this place.
 D = Time resting spent in this place.
 E = Time spent auto-exploring this place.
 F = Levels seen in this place.
 G = Mean time per level.
                   A        B        C        D        E       F      G
               +--------+--------+--------+--------+--------+-----+--------+
         Total |   2516 |   2451 |     65 |      0 |   1874 |   4 |  629.0 |
       Dungeon |   2516 |   2451 |     65 |      0 |   1874 |   4 |  629.0 |
               +--------+--------+--------+--------+--------+-----+--------+

Top non-repeatable levels by time:
     D:2: 1040 daAuts
     D:1: 786 daAuts
     D:3: 614 daAuts
     D:4: 75 daAuts
